 Dungeon Crawl Stone Soup version 0.28-a0-8-g6e044cfa68 (webtiles) character file.

Game seed: 7894498725952502620

25296 pkoi the Grappler (level 12, -1/116 HPs)
             Began as a Grey Draconian Transmuter on July 23, 2021.
             Was an Elder of Dithmenos.
             Slain by a five-headed hydra (14 damage)
             ... on level 4 of the Lair of Beasts.
             The game lasted 00:45:45 (19764 turns).

pkoi the Grappler (Grey Draconian Transmuter)      Turns: 19764, Time: 00:45:46

Health: -1/116     AC:  8    Str: 13    XL:     12   Next: 88%
Magic:  8/18       EV: 13    Int: 19    God:    Dithmenos [****..]
Gold:   657        SH:  0    Dex: 17    Spells: 5/19 levels left

rFire   x . .      SeeInvis .     - Unarmed
rCold   + + +      Faith    .   (shield currently unavailable)
rNeg    . . .      Spirit   .   (armour unavailable)
rPois   +          Reflect  .   (helmet currently unavailable)
rElec   .          Harm     .   (cloak currently unavailable)
rCorr   .          Rampage  .   (gloves currently unavailable)
Will    .....                   (boots currently unavailable)
Stlth   ++++......              w - amulet of the acrobat
HPRegen 0.29/turn               k - ring of poison resistance
MPRegen 0.16/turn               d - +6 ring of dexterity

@: ice-form, very slightly contaminated, wreathed by umbra
A: freezing attack, boosted hp, AC +13, amphibious, large, unfitting armour,
(cold-blooded)
a: End Transformation, Renounce Religion, Shadow Step


You were on level 4 of the Lair of Beasts.
You worshipped Dithmenos.
Dithmenos was greatly pleased with you.
You were a creature of crystalline ice.
You visited 3 branches of the dungeon, and saw 14 of its levels.
You also visited: Sewer.

You collected 865 gold pieces.
You spent 208 gold pieces at shops.

Inventory:

Missiles
 h - 16 poisoned darts (quivered)
 y - 2 throwing nets
 D - 2 curare-tipped darts
Armour
 e - a +2 cloak (melded)
 i - a +1 pair of gloves (melded)
 v - a +0 pair of boots (melded)
Jewellery
 d - a +6 ring of dexterity (right front paw)
 k - a ring of poison resistance (left front paw)
 m - a ring of fire
 n - a ring of protection from fire
 o - a ring of flight
 r - a ring of see invisible
 u - an amulet of magic regeneration
 w - an amulet of the acrobat (around neck)
Wands
 g - a wand of iceblast (17)
 s - a wand of paralysis (11)
 A - a wand of mindburst (19)
Scrolls
 a - 3 scrolls of brand weapon
 f - 8 scrolls of teleportation
 j - 12 scrolls of identify
 x - 4 scrolls of blinking
 z - 2 scrolls of enchant armour
 B - a scroll of amnesia
 C - 3 scrolls of fog
Potions
 b - 2 potions of curing
 c - 5 potions of flight
 l - 3 potions of might
 p - 2 potions of berserk rage
 q - 2 potions of heal wounds
 t - 2 potions of ambrosia


   Skills:
 + Level 6.7 Fighting
 + Level 7.4 Dodging
 - Level 5.0 Stealth
 * Level 12.1 Unarmed Combat
 - Level 4.0 Spellcasting
 + Level 5.1 Hexes
 - Level 10.0 Transmutations
 - Level 3.2 Ice Magic
 + Level 6.7 Earth Magic
 - Level 3.5 Poison Magic
 - Level 4.7 Invocations


You had 5 spell levels left.
You knew the following spells:

 Your Spells              Type           Power      Damage    Failure   Level
a - Leda's Liquefaction   Hex/Erth       13%        N/A       12%         4
b - Spider Form           Tmut/Pois      14%        N/A       2%          3
c - Ice Form              Ice/Tmut       29%        N/A       9%          4
d - Confusing Touch       Hex            23%        N/A       4%          3

Your spell library contained the following spells:

 Spells                   Type           Power      Damage    Failure   Level
 Beastly Appendage        Tmut           82%        N/A       1%          1
 Corona                   Hex            25%        N/A       1%          1
 Wereblood                Tmut           41%        N/A       1%          2
 Slow                     Hex            23%        N/A       2%          2
 Ensorcelled Hibernation  Hex/Ice        38%        N/A       3%          2
 Tukima's Dance           Hex            23%        N/A       4%          3
 Animate Skeleton         Necr           6%         N/A       14%         1
 Magic Dart               Conj           12%        1d3       14%         1
 Pain                     Necr           12%        1d4       14%         1
 Portal Projectile        Hex/Tloc       26%        N/A       14%         3
 Yara's Violent Unravell  Hex/Tmut       16%        3d8       17%         5
 Searing Ray              Conj           6%         3d3       21%         2
 Gell's Gravitas          Tloc           1%         N/A       38%         3
 Lesser Beckoning         Tloc           1%         N/A       38%         3
 Teleport Other           Tloc           3%         N/A       38%         3
 Vampiric Draining        Necr           1%         2d6       38%         3
 Fulminant Prism          Conj/Hex       6%         3d7       43%         4
 Passage of Golubria      Tloc           N/A        N/A       80%         4
 Summon Mana Viper        Hex/Summ       13%        N/A       80%         5
 Dispersal                Tloc           1%         N/A       100%        6
 Disjunction              Tloc           1%         N/A       100%        8


Dungeon Overview and Level Annotations

Branches:
Dungeon (9/15)             Temple (1/1) D:5            Lair (4/6) D:9
  Snake (0/4) Lair:3        Sewer (visited)
  Swamp: Lair:2-4    Shoals: Lair:2-4       Orc: D:9-12

Altars:
Ashenzari
Cheibriados
Dithmenos
Elyvilon
Fedhas
Gozag
Hepliaklqana
Kikubaaqudgha
Makhleb
Nemelex Xobeh
Okawaru
Qazlal
Ru
Sif Muna
Trog
Uskayaw
Vehumet
Wu Jian
Xom
Yredelemnul
Zin
The Shining One

Shops:
D:4 !   D:8 [[

Annotations:
D:3 4 runed translucent doors, Crazy Yiuf; ew1980's ghost, amateur HuFi; pob's ghost, weakling HOFE
D:8 3 runed translucent doors, Nausicaa's ghost, novice TrMo
Lair:4 exclusion: 2 oklob plants


Innate Abilities, Weirdness & Mutations

You are a creature of crystalline ice.
You have a powerful freezing melee attack.
Your maximum health is increased.
Your armour is entirely melded.
You are incapable of wielding weapons or throwing items.
((Your dull iron-grey scales are very hard. (AC +13)))
You are amphibious.
You cannot fit into any form of body armour.
((You are cold-blooded and may be slowed by cold attacks.))


Message History

Unknown command.
Casting: Ice Form (dangerous; 9% risk of failure)
Confirm with . or Enter, or press ? or * to list all spells.
You turn into a creature of crystalline ice.
Your +2 cloak melds into your body.
Your +1 pair of gloves melds into your body.
Your +0 pair of boots melds into your body.
The five-headed hydra bites you. The five-headed hydra bites you! x4
Unknown command.
You hit the five-headed hydra but do no damage.
The five-headed hydra bites you but does no damage. x2
The five-headed hydra bites you. x2
The five-headed hydra bites you but does no damage.
You hit the five-headed hydra but do no damage.
The five-headed hydra appears confused.
Your shadow hits the five-headed hydra.
Unknown command.
The five-headed hydra closely misses you. x4
The five-headed hydra barely misses you.
You catch the helpless five-headed hydra completely off-guard!
You punch the five-headed hydra!
The five-headed hydra seems to slow down.
You freeze the five-headed hydra.
The five-headed hydra is moderately wounded.
You hit the five-headed hydra but do no damage.
The five-headed hydra is moderately wounded.
The five-headed hydra is no longer moving slowly.
The five-headed hydra bites you!
The five-headed hydra closely misses you.
The five-headed hydra barely misses you.
The five-headed hydra bites you but does no damage.
The five-headed hydra bites you.
You punch the five-headed hydra! You freeze the five-headed hydra.
The five-headed hydra is heavily wounded.
The five-headed hydra bites you!
* * * LOW HITPOINT WARNING * * *
The five-headed hydra barely misses you.
The five-headed hydra bites you!
* * * LOW HITPOINT WARNING * * *
The five-headed hydra bites you!
You die...

### ####.##### ##### ###
#.#...##.#####.#.###########.#
#............Y................
#............D................
#.>.#...#..###................
#...######## #................
#...###########.........(.....
#...#..#..##.##...............
#.............................
#.............................
###♣♣♣♣♣♣♣.........##..##...#.


You could see a five-headed hydra (confused).

Vanquished Creatures
  4 hydras
  A two-headed ogre (D:9)
  5 death yaks
  Sonja (Lair:3)
  A black mamba (Lair:1)
  12 elephants
  8 cane toads
  7 komodo dragons
  7 blink frogs
  A basilisk (Lair:2)
  A wraith (D:9)
  11 yaks
  3 wyverns
  2 steam dragons
  A naga (Lair:3)
  2 swamp worms (Lair:4)
  An acid dragon (D:8)
  5 water moccasins
  5 orc warriors
  An ice beast (D:6)
  A sky beast (D:6)
  7 black bears
  A necrophage (D:7)
  8 wolves
  2 centaurs (D:9)
  3 ogres
  2 phantoms
  4 scorpions
  A kobold brigand (D:7)
  12 bullfrogs
  A gnoll sergeant (D:5)
  A water moccasin skeleton (D:4)
  3 wights (D:6)
  An electric eel (Lair:4)
  7 centaur zombies
  9 orc priests
  2 gnoll shamans
  4 iguanas
  6 orc wizards
  A killer bee zombie (D:8)
  A howler monkey zombie (D:7)
  7 adders
  14 gnolls
  A shadow imp (D:7)
  A white imp (D:8)
  An ufetubus (D:6)
  An adder zombie (D:1)
  2 worms
  4 dart slugs
  26 orcs
  5 ball pythons
  4 endoplasms
  6 giant cockroaches
  8 goblins
  7 hobgoblins
  11 quokkas
  13 bats
  11 frilled lizards
  A jackal zombie (D:1)
  15 kobolds
  5 rats
299 creatures vanquished.

Vanquished Creatures (others)
  17 fungi
  38 plants
55 creatures vanquished.

Grand Total: 354 creatures vanquished

Notes
Turn   | Place    | Note
-------+----------+-------------------------------------------
     0 | D:1      | pkoi the Draconian Transmuter began the quest for the Orb.
     0 | D:1      | Reached XP level 1. HP: 16/16 MP: 3/3
   212 | D:1      | Reached XP level 2. HP: 16/23 MP: 5/5
   522 | D:1      | Reached skill level 4 in Unarmed Combat
   604 | D:1      | Reached XP level 3. HP: 14/28 MP: 6/6
   613 | D:1      | Learned a level 3 spell: Spider Form
   947 | D:1      | Found a faded altar of an unknown god.
  1592 | D:2      | Reached skill level 1 in Poison Magic
  1725 | D:2      | Reached XP level 4. HP: 33/35 MP: 7/7
  2103 | D:3      | Found a runed translucent gate.
  2104 | D:3      | Found a runed translucent gate.
  2105 | D:3      | Found a runed translucent gate.
  2107 | D:3      | Noticed pob's ghost (weakling HOFE)
  2108 | D:3      | Noticed ew1980's ghost (amateur HuFi)
  2314 | D:3      | Reached XP level 5. HP: 33/40 MP: 8/8
  2658 | D:3      | Found a runed translucent door.
  2659 | D:3      | Noticed Crazy Yiuf
  3264 | D:4      | Noticed a black bear
  3279 | D:3      | Killed a black bear
  3280 | D:3      | Reached skill level 5 in Unarmed Combat
  3280 | D:3      | Reached XP level 6. HP: 38/47 MP: 9/9
  4095 | D:4      | Found Tiest's Distillery.
  4231 | D:4      | Your scales start taking on a dull iron-grey colour.
  4231 | D:4      | Reached XP level 7. HP: 52/52 MP: 8/10
  4319 | D:4      | Found a stormy altar of Qazlal.
  4467 | D:4      | Reached skill level 6 in Unarmed Combat
  4747 | D:5      | Entered Level 5 of the Dungeon
  5014 | D:5      | Reached skill level 5 in Transmutations
  5352 | D:4      | Bought a potion of attraction for 39 gold pieces
  5352 | D:4      | Bought 2 potions of degeneration for 26 gold pieces
  5352 | D:4      | Bought a potion of lignification for 39 gold pieces
  5352 | D:4      | Bought a potion of mutation for 104 gold pieces
  5397 | D:5      | Found a staircase to the Ecumenical Temple.
  5406 | Temple   | Entered the Ecumenical Temple
  5513 | Temple   | Became a worshipper of Dithmenos the Shadowed
  5877 | D:6      | Reached XP level 8. HP: 55/62 MP: 11/11
  6017 | D:6      | Reached skill level 1 in Stealth
  6198 | D:6      | Reached skill level 7 in Unarmed Combat
  6255 | D:6      | Found a glowing drain.
  6268 | Sewer    | Entered a sewer
  6533 | D:6      | Reached * piety under Dithmenos
  6795 | D:6      | Found a glowing silver altar of Zin.
  6795 | D:6      | Noticed an angel
  7283 | D:7      | Learned a level 4 spell: Ice Form
  7371 | D:7      | Reached XP level 9. HP: 68/71 MP: 12/12
  7636 | D:7      | Found an iron altar of Okawaru.
  7859 | D:7      | Reached skill level 1 in Ice Magic
  7868 | D:7      | Reached skill level 8 in Unarmed Combat
  8700 | D:8      | Found Cheibriados's Comfort Zone.
  8700 | D:8      | Found a snail-covered altar of Cheibriados.
  8932 | D:8      | Found a basalt altar of Yredelemnul.
  9005 | D:8      | Noticed Nausicaa's ghost (novice TrMo)
  9014 | D:8      | Found a runed translucent gate.
  9014 | D:8      | Found a runed translucent gate.
  9014 | D:8      | Found a runed translucent gate.
  9470 | D:8      | Found Daor's Antique Armour Shoppe.
  9561 | D:8      | Reached skill level 5 in Fighting
  9746 | D:9      | Found a staircase to the Lair.
  9770 | D:9      | Reached ** piety under Dithmenos
  9838 | D:9      | Noticed a two-headed ogre
  9874 | D:9      | Reached XP level 10. HP: 49/81 MP: 10/13
  9944 | D:9      | Killed a two-headed ogre
  9945 | D:9      | Reached skill level 9 in Unarmed Combat
 10378 | D:9      | Found a stormy altar of Qazlal.
 10378 | D:9      | Found a white marble altar of Elyvilon.
 10379 | D:9      | Found a stormy altar of Qazlal.
 10379 | D:9      | Found a stormy altar of Qazlal.
 10801 | D:9      | Identified a scroll of acquirement
 10801 | D:9      | Acquired the Papyrus of the Oath
 10808 | D:9      | Learned a level 4 spell: Leda's Liquefaction
 10965 | D:9      | Noticed a red ugly thing
 11043 | Lair:1   | Entered Level 1 of the Lair of Beasts
 11057 | Lair:1   | Noticed a cane toad
 11063 | Lair:1   | Killed a cane toad
 11159 | Lair:1   | Noticed a cane toad
 11185 | Lair:1   | Reached skill level 5 in Dodging
 11191 | Lair:1   | Killed a cane toad
 11192 | Lair:1   | Reached skill level 1 in Earth Magic
 11281 | Lair:1   | Noticed a seven-headed hydra
 11299 | Lair:1   | Killed a seven-headed hydra
 11300 | Lair:1   | Reached skill level 1 in Hexes
 11865 | Lair:1   | Reached XP level 11. HP: 77/89 MP: 11/14
 12036 | Lair:1   | Reached skill level 5 in Stealth
 12420 | Lair:2   | Reached skill level 10 in Unarmed Combat
 12760 | Lair:2   | Reached skill level 1 in Invocations
 13118 | Lair:2   | Reached *** piety under Dithmenos
 13377 | Lair:2   | Learned a level 3 spell: Confusing Touch
 14265 | Lair:3   | Noticed Sonja
 14265 | Lair:3   | Noticed a five-headed hydra
 14424 | Lair:3   | Found a staircase to the Snake Pit.
 14597 | Lair:3   | Noticed a death yak
 14597 | Lair:3   | Noticed a death yak
 14597 | Lair:3   | Noticed a death yak
 14597 | Lair:3   | Noticed a death yak
 14597 | Lair:3   | Noticed a death yak
 15301 | Lair:2   | Killed a death yak
 15523 | Lair:3   | Killed a five-headed hydra
 15530 | Lair:3   | Killed Sonja
 15564 | Lair:3   | Noticed a seven-headed hydra
 15573 | Lair:3   | Killed a seven-headed hydra
 15574 | Lair:3   | Reached skill level 11 in Unarmed Combat
 15574 | Lair:3   | Reached XP level 12. HP: 69/96 MP: 12/17
 15946 | Lair:3   | Reached skill level 5 in Earth Magic
 16513 | Lair:2   | Killed a death yak
 16593 | Lair:2   | Killed a death yak
 16705 | Lair:2   | Killed a death yak
 16950 | Lair:3   | Killed a death yak
 17405 | Lair:4   | Noticed a five-headed hydra
 17828 | Lair:3   | Reached skill level 10 in Transmutations
 17857 | Lair:3   | Killed a five-headed hydra
 18761 | Lair:3   | Reached skill level 12 in Unarmed Combat
 19103 | Lair:4   | Reached skill level 5 in Hexes
 19366 | Lair:4   | Reached **** piety under Dithmenos
 19713 | Lair:4   | Noticed a five-headed hydra
 19764 | Lair:4   | Slain by a five-headed hydra

Illustrated notes

Levels and vault maps discovered:
D:1:      saegor_arrival_fortress, layout_rooms,
          chequers_ecumenical_altar_simple, st_stairs_6, minmay_lizard_pond
D:2:      minmay_spotlight, layout_basic
D:3:      layout_loops_ring, gammafunk_ghost_cemetery, grunt_ministairs_9,
          corexii_corridor_pit, st_stairs_3, minmay_misc_feat_five,
          minmay_misc_feat_plants, kennysheep_flooded_box,
          uniq_crazy_yiuf_cottage
D:4:      layout_basic, amcnicky_altar_gilded, serial_shops, shop
D:5:      layout_rooms, minmay_temple_entry_waves, feat_on_display
D:6:      layout_basic, zin_angel, portal_sewer_entry_f,
          minmay_stone_trees_large
D:7:      layout_rooms, mainiacjoe_overflow_alcove_1, minmay_circle_x
D:8:      layout_rooms, mainiacjoe_overflow_24_doors, serial_shops,
          nicolae_shop_behind_doors, gammafunk_ghost_split, nrook_mini_vaults,
          grunt_ogre_cave, minmay_shop_chei
D:9:      minmay_the_grid_octo_tiled_squarecenter [minmay_the_grid_octo_focus,
          minmay_the_grid_octo_77, minmay_the_grid_octo_tetromino_candy,
          minmay_the_grid_octo_shrine,
          minmay_the_grid_square_5x5_megaprize_open,
          minmay_the_grid_square_5x5_half_checkered,
          minmay_the_grid_square_5x5_v, minmay_the_grid_square_5x5_inner_z,
          minmay_the_grid_square_5x5_hollow_slash], layout_basic, uniq_maggie
Temple:   regret_index_temple_mists
Lair:1:   layout_cave_pods, lemuel_fruit_tree
Lair:2:   layout_regular_city
Lair:3:   layout_cave_pods, guppyfry_snake_entry_garden, uniq_sonja
Lair:4:   layout_long_grid, palyth_hydra_swamp_entry,
          chequers_serial_rivers_marsh, serial_bayou_shore_a,
          grunt_megastairs_3, minmay_lair_oklob_chamber

Skill      XL: |  1  2  3  4  5  6  7  8  9 10 11 12 |
---------------+-------------------------------------+-----
Unarmed Combat | 4 5 6 7 8 9 11 12 | 12.1
Poison Magic   | 1 2 3 |  3.5
Transmutations | 3 4 5 6 7 8 9 10 | 10.0
Dodging        | 2 3 4 5 6 7 |  7.4
Fighting       | 2 3 5 6 |  6.7
Stealth        | 2 3 4 5 |  5.0
Ice Magic      | 2 3 |  3.2
Earth Magic    | 2 4 6 |  6.7
Hexes          | 1 3 5 |  5.1
Invocations    | 3 4 |  4.7
Spellcasting   | 3 4 |  4.0

Action                   |  1- 3 |  4- 6 |  7- 9 | 10-12 || total
-------------------------+-------+-------+-------+-------++-------
Melee: Unarmed           |   159 |   184 |   440 |   525 ||  1308
       Tailslap          |    11 |    17 |    46 |    28 ||   102
       Punch             |     1 |     1 |     6 |     7 ||    15
       Kick              |       |     7 |    12 |       ||    19
       Headbutt          |       |     4 |    10 |       ||    14
Throw: Dart              |    14 |    15 |    12 |    40 ||    81
 Cast: Beastly Appendage |     2 |     6 |     6 |       ||    14
       Spider Form       |       |       |    23 |    40 ||    63
       Ice Form          |       |       |       |    17 ||    17
       Confusing Touch   |       |       |       |     2 ||     2
Evoke: Wand              |       |       |       |     3 ||     3
  Use: Scroll            |       |     1 |     8 |     9 ||    18
       Potion            |       |       |     4 |       ||     4
 Stab: Sleeping          |     3 |     1 |     6 |     8 ||    18
       Distracted        |     1 |       |     1 |     2 ||     4
       Confused          |       |       |       |     1 ||     1
Armor: Skin              |    49 |    81 |   108 |    80 ||   318
Dodge: Dodged            |    99 |    99 |   309 |   596 ||  1103

Table legend: (Time is in decaauts)
 A = Elapsed time spent in this place.
 B = Non-inter-level travel time spent in this place.
 C = Inter-level travel time spent in this place.
 D = Time resting spent in this place.
 E = Time spent auto-exploring this place.
 F = Levels seen in this place.
 G = Mean time per level.
                   A        B        C        D        E       F      G
               +--------+--------+--------+--------+--------+-----+--------+
         Total |  19581 |  18899 |    682 |   5630 |   8766 |  15 | 1305.4 |
       Dungeon |  10680 |  10323 |    357 |   2573 |   5544 |   9 | 1186.7 |
        Temple |    112 |    103 |      9 |      0 |     92 |   1 |  112.0 |
          Lair |   8642 |   8326 |    316 |   3057 |   3041 |   4 | 2160.5 |
         Sewer |    146 |    146 |      0 |      0 |     89 |   1 |  146.0 |
               +--------+--------+--------+--------+--------+-----+--------+

Top non-repeatable levels by time:
  Lair:3: 3081 daAuts
  Lair:2: 2389 daAuts
  Lair:1: 1938 daAuts
     D:4: 1778 daAuts
     D:6: 1550 daAuts
     D:3: 1354 daAuts
     D:9: 1330 daAuts
  Lair:4: 1233 daAuts
     D:1: 1116 daAuts
     D:8: 1086 daAuts
     D:7: 1037 daAuts
     D:2: 926 daAuts
     D:5: 500 daAuts
   Sewer: 146 daAuts
  Temple: 112 daAuts
